TOP OF THE 1ST |
Bismark Border Guards batting - Pitching for Riverside Red Bulls : RHP Derrick Baird
|
Pitching: RHP Derrick Baird
|
|
Batting: LHB Nelson Peña
|
0-0: Ball 1-0: Called Strike 1-1: Ball 2-1: SOLO HOME RUN (Flyball, 9LD), Distance : 401 ft
|
Batting: LHB Jim Jensen
|
0-0: Called Strike 0-1: Ball 1-1: Fly out, F8 (Flyball, 8RM)
|
Batting: RHB Carlos MacKinney
|
0-0: Called Strike 0-1: Called Strike 0-2: Ball 1-2: Foul Ball, location: 2F 1-2: Ball 2-2: Foul Ball, location: 2F 2-2: Foul Ball, location: 2F 2-2: Foul Ball, location: 2F 2-2: Strikes out swinging
|
Batting: LHB Norberto Muñóz
|
0-0: Ball 1-0: Ball 2-0: Called Strike 2-1: Ground out 5-3 (Groundball, 5S)
|
Top of the 1st over - 1 run(s), 1 hit(s), 0 error(s), 0 left on base; Bismark 1 - Riverside 0 |
BOTTOM OF THE 1ST |
Riverside Red Bulls batting - Pitching for Bismark Border Guards : RHP Jae-hyun Ch'oe
|
Pitching: RHP Jae-hyun Ch'oe
|
|
Batting: RHB Joe Scott
|
0-0: Ball 1-0: Ball 2-0: Fly out, F9 (Flyball, 9S)
|
Batting: LHB Aroghetto Dionisotti
|
0-0: Ball 1-0: Ball 2-0: Foul Ball, location: 2F 2-1: Foul Ball, location: 2F 2-2: Ball 3-2: Base on Balls
|
Batting: LHB Jorge Meléndez
|
0-0: Ball 1-0: Ball Pickoff Throw to First - Out! 2-0: Called Strike 2-1: Ball 3-1: Base on Balls
|
Batting: SHB Sloan James
|
0-0: Ball 1-0: Swinging Strike 1-1: Ball 2-1: Called Strike 2-2: Ground out 3-1 (Groundball, 34)
|
Bottom of the 1st over - 0 run(s), 0 hit(s), 0 error(s), 1 left on base; Bismark 1 - Riverside 0 |
TOP OF THE 2ND |
Bismark Border Guards batting - Pitching for Riverside Red Bulls : RHP Derrick Baird
|
Batting: RHB Mike Wright
|
0-0: Ball 1-0: Foul Ball, location: 2F 1-1: Foul Ball, location: 2F 1-2: Foul Ball, location: 2F 1-2: SOLO HOME RUN (Flyball, 78XD), Distance : 404 ft
|
Batting: RHB Ramiro Ross
|
0-0: Ball 1-0: Fly out, F3 (Popup, 3SF)
|
Batting: RHB Salvador Borbón
|
0-0: Ball 1-0: Foul Ball, location: 2F 1-1: Ball 2-1: SINGLE (Line Drive, 89S)
|
Batting: LHB John Summers
|
0-0: Ball 1-0: DOUBLE (Flyball, 78M) Salvador Borbón to third
|
Batting: RHB Enrico Rodríguez
|
0-0: Fly out, F7 (Flyball, 7D) Runner from 3rd tags up, SCORES, no throw
|
Batting: LHB Nelson Peña
|
0-0: Fly out, F2 (Popup, 23F)
|
Top of the 2nd over - 2 run(s), 3 hit(s), 0 error(s), 1 left on base; Bismark 3 - Riverside 0 |
BOTTOM OF THE 2ND |
Riverside Red Bulls batting - Pitching for Bismark Border Guards : RHP Jae-hyun Ch'oe
|
Batting: RHB Chris Osborn
|
0-0: Called Strike 0-1: Ball 1-1: SINGLE (Flyball, 7S)
|
Batting: RHB Kyle Bacon
|
0-0: Foul Ball, location: 2F 0-1: Foul Ball, location: 2F 0-2: Grounds into double play, 1-4-3 (Groundball, 13S)
|
Batting: RHB José Zúñiga
|
0-0: Ball 1-0: Ball 2-0: Called Strike 2-1: Ball 3-1: Foul Ball, location: 2F 3-2: Base on Balls
|
Batting: RHB Soshu Nakamura
|
0-0: Called Strike 0-1: Called Strike 0-2: Ball 1-2: Ground out 5-3 (Groundball, 5)
|
Bottom of the 2nd over - 0 run(s), 1 hit(s), 0 error(s), 1 left on base; Bismark 3 - Riverside 0 |
TOP OF THE 3RD |
Bismark Border Guards batting - Pitching for Riverside Red Bulls : RHP Derrick Baird
|
Batting: LHB Jim Jensen
|
0-0: Ball 1-0: Ground out 4-3 (Groundball, 34)
|
Batting: RHB Carlos MacKinney
|
0-0: Ball 1-0: Swinging Strike 1-1: Foul Ball, location: 2F 1-2: Foul Ball, location: 2F 1-2: Ball 2-2: Strikes out swinging
|
Batting: LHB Norberto Muñóz
|
0-0: Called Strike 0-1: Foul Ball, location: 2F 0-2: Ball 1-2: Ball 2-2: SOLO HOME RUN (Line Drive, 9D), Distance : 423 ft
|
Batting: RHB Mike Wright
|
0-0: Ball 1-0: Ball 2-0: Ball 3-0: Base on Balls
|
Batting: RHB Ramiro Ross
|
0-0: Fly out, F9 (Flyball, 9M)
|
Top of the 3rd over - 1 run(s), 1 hit(s), 0 error(s), 1 left on base; Bismark 4 - Riverside 0 |
BOTTOM OF THE 3RD |
Riverside Red Bulls batting - Pitching for Bismark Border Guards : RHP Jae-hyun Ch'oe
|
Batting: SHB Chun-yeong Kim
|
0-0: Foul Ball, location: 2F 0-1: Ground out 5-3 (Groundball, 5S)
|
Batting: RHB Joe Scott
|
0-0: Ball 1-0: Ball 2-0: Called Strike 2-1: Ball 3-1: Base on Balls
|
Batting: LHB Aroghetto Dionisotti
|
0-0: Called Strike 0-1: Ball 1-1: Ball 2-1: Foul Ball, location: 2F 2-2: Strikes out swinging
|
Batting: LHB Jorge Meléndez
|
0-0: SINGLE (Line Drive, 4D) Joe Scott to second Runner from 2nd tries for 3rd, SAFE, throw made to third
|
Batting: SHB Sloan James
|
0-0: Called Strike 0-1: SINGLE (Groundball, 56) Joe Scott scores Jorge Meléndez to second
|
Batting: RHB Chris Osborn
|
0-0: Ball 1-0: Ball 2-0: Ball 3-0: Foul Ball, location: 2F 3-1: TRIPLE (Flyball, 89D) Jorge Meléndez scores Sloan James scores
|
Batting: RHB Kyle Bacon
|
0-0: Foul Ball, location: 2F 0-1: Called Strike 0-2: Strikes out swinging
|
Bottom of the 3rd over - 3 run(s), 3 hit(s), 0 error(s), 1 left on base; Bismark 4 - Riverside 3 |
TOP OF THE 4TH |
Bismark Border Guards batting - Pitching for Riverside Red Bulls : RHP Derrick Baird
|
Batting: RHB Salvador Borbón
|
0-0: Ball 1-0: SINGLE (Line Drive, 89M)
|
Batting: LHB John Summers
|
0-0: Ball 1-0: Foul Ball, location: 2F 1-1: Ball 2-1: Grounds into double play, 4-6-3 (Groundball, 4)
|
Batting: RHB Enrico Rodríguez
|
0-0: Ball 1-0: SINGLE (Line Drive, 78M)
|
Batting: LHB Nelson Peña
|
0-0: Ball Enrico Rodríguez is caught stealing 2nd base
|
Top of the 4th over - 0 run(s), 2 hit(s), 0 error(s), 0 left on base; Bismark 4 - Riverside 3 |
BOTTOM OF THE 4TH |
Riverside Red Bulls batting - Pitching for Bismark Border Guards : RHP Jae-hyun Ch'oe
|
Batting: RHB José Zúñiga
|
0-0: Foul Ball, location: 2F 0-1: Ball 1-1: Called Strike 1-2: Ball 2-2: Ball 3-2: Fly out, F9 (Flyball, 9M)
|
Batting: RHB Soshu Nakamura
|
0-0: Foul Ball, location: 2F 0-1: Ball 1-1: Called Strike 1-2: Ball 2-2: Ball 3-2: Foul Ball, location: 2F 3-2: Base on Balls
|
Batting: SHB Chun-yeong Kim
|
0-0: Foul Ball, location: 2F 0-1: Called Strike 0-2: Strikes out swinging
|
Batting: RHB Joe Scott
|
0-0: Ball 1-0: Fly out, F8 (Line Drive, 8LM)
|
Bottom of the 4th over - 0 run(s), 0 hit(s), 0 error(s), 1 left on base; Bismark 4 - Riverside 3 |
TOP OF THE 5TH |
Bismark Border Guards batting - Pitching for Riverside Red Bulls : RHP Derrick Baird
|
Batting: LHB Nelson Peña
|
0-0: Ball 1-0: Ball 2-0: Called Strike 2-1: Foul Ball, location: 2F 2-2: Foul Ball, location: 2F 2-2: Ground out 5-3 (Groundball, 5S)
|
Batting: LHB Jim Jensen
|
0-0: Called Strike 0-1: Called Strike 0-2: Ground out 4-3 (Groundball, 34)
|
Batting: RHB Carlos MacKinney
|
0-0: Fly out, F9 (Flyball, 9LMF)
|
Top of the 5th over - 0 run(s), 0 hit(s), 0 error(s), 0 left on base; Bismark 4 - Riverside 3 |
BOTTOM OF THE 5TH |
Riverside Red Bulls batting - Pitching for Bismark Border Guards : RHP Jae-hyun Ch'oe
|
Batting: LHB Aroghetto Dionisotti
|
0-0: Called Strike 0-1: Ball 1-1: Called Strike 1-2: Ball 2-2: Foul Ball, location: 2F 2-2: Foul Ball, location: 2F 2-2: Foul Ball, location: 2F 2-2: DOUBLE (Flyball, 78M)
|
Pinch Runner at 2nd Júlio García:
|
|
Batting: LHB Jorge Meléndez
|
0-0: Fly out, F9 (Line Drive, 9M)
|
Batting: SHB Sloan James
|
0-0: Ball 1-0: Ball 2-0: Called Strike 2-1: Foul Ball, location: 2F 2-2: Ground out 4-3 (Groundball, 4) Júlio García to third
|
Batting: RHB Chris Osborn
|
0-0: Called Strike 0-1: Ball 1-1: Ball 2-1: Foul Ball, location: 2F 2-2: Foul Ball, location: 2F 2-2: Foul Ball, location: 2F 2-2: Ball 3-2: Base on Balls
|
Pitching: RHP Andrew Kirk
|
|
Batting: RHB Kyle Bacon
|
0-0: Ball 1-0: Ball 2-0: Called Strike 2-1: Ball Pickoff Throw by Catcher to First - Out!
|
Bottom of the 5th over - 0 run(s), 1 hit(s), 0 error(s), 0 left on base; Bismark 4 - Riverside 3 |
TOP OF THE 6TH |
Bismark Border Guards batting - Pitching for Riverside Red Bulls : RHP Derrick Baird
|
Now in CF: Júlio García
|
|
Batting: LHB Norberto Muñóz
|
0-0: Ball 1-0: SINGLE (Flyball, 89S)
|
Batting: RHB Mike Wright
|
0-0: Called Strike 0-1: Ground out 5-3 (Groundball, 5S) Norberto Muñóz to second
|
Batting: RHB Ramiro Ross
|
0-0: Called Strike 0-1: Foul Ball, location: 2F 0-2: Ball 1-2: Ball 2-2: Ball 3-2: SINGLE (Line Drive, 56) Norberto Muñóz to third
|
Batting: RHB Salvador Borbón
|
0-0: Ball 1-0: Ball 2-0: Foul Ball, location: 2F 2-1: Foul Ball, location: 2F 2-2: Strikes out swinging
|
Batting: LHB John Summers
|
0-0: Ball 1-0: Fly out, F9 (Flyball, 9M)
|
Top of the 6th over - 0 run(s), 2 hit(s), 0 error(s), 2 left on base; Bismark 4 - Riverside 3 |
BOTTOM OF THE 6TH |
Riverside Red Bulls batting - Pitching for Bismark Border Guards : RHP Andrew Kirk
|
Batting: RHB Kyle Bacon
|
0-0: Foul Ball, location: 2F 0-1: Foul Ball, location: 2F 0-2: Ball 1-2: DOUBLE (Groundball, 3L)
|
Batting: RHB José Zúñiga
|
0-0: Swinging Strike 0-1: Ball 1-1: Fly out, F4 (Popup, 34D)
|
Batting: RHB Soshu Nakamura
|
0-0: Foul Ball, location: 2F 0-1: Ground out 1-3 (Groundball, 23) Kyle Bacon to third
|
Batting: SHB Chun-yeong Kim
|
0-0: Foul Ball, location: 2F 0-1: Ball 1-1: 2-RUN HOME RUN (Flyball, 78XD), Distance : 410 ft
|
Batting: RHB Joe Scott
|
0-0: Called Strike 0-1: Ball 1-1: Fly out, F7 (Flyball, 7LMF)
|
Bottom of the 6th over - 2 run(s), 2 hit(s), 0 error(s), 0 left on base; Bismark 4 - Riverside 5 |
TOP OF THE 7TH |
Bismark Border Guards batting - Pitching for Riverside Red Bulls : RHP Derrick Baird
|
Batting: RHB Enrico Rodríguez
|
0-0: Ball 1-0: Foul Ball, location: 2F 1-1: Ball 2-1: Fly out, F9 (Flyball, 89D)
|
Batting: LHB Nelson Peña
|
0-0: Ball 1-0: Foul Ball, location: 2F 1-1: Foul Ball, location: 2F 1-2: Ball 2-2: Ball 3-2: DOUBLE (Groundball, 3L)
|
Pitching: LHP Stu Creichton
|
|
Pinch Hitting: RHB José Cintrón
|
0-0: Called Strike 0-1: Ball 1-1: Ball 2-1: Ball 3-1: Base on Balls
|
Batting: RHB Carlos MacKinney
|
0-0: Called Strike Nelson Peña steals 3rd base José Cintrón to second 0-1: Ball 1-1: Foul Ball, location: 2F 1-2: Ball 2-2: Foul Ball, location: 2F 2-2: DOUBLE (Line Drive, 8RS) Nelson Peña scores José Cintrón scores
|
Batting: LHB Norberto Muñóz
|
0-0: Intentional Walk
|
Batting: RHB Mike Wright
|
0-0: SINGLE (Groundball, 6D) Carlos MacKinney to third Norberto Muñóz to second Runner from 3rd tries for Home, SAFE, throw made home Norberto Muñóz to third Mike Wright to second
|
Batting: RHB Ramiro Ross
|
0-0: Intentional Walk
|
Batting: RHB Salvador Borbón
|
0-0: Ball 1-0: Ball 2-0: Ball 3-0: Called Strike 3-1: Base on Balls Norberto Muñóz scores Mike Wright to third Ramiro Ross to second
|
Pitching: RHP Roberto Costello
|
|
Batting: LHB John Summers
|
0-0: Swinging Strike 0-1: Ball 1-1: Swinging Strike 1-2: Fly out, F7 (Flyball, 8LM) Runner from 3rd tags up, SCORES, no throw
|
Batting: RHB Enrico Rodríguez
|
0-0: Ball 1-0: Foul Ball, location: 2F 1-1: Ball 2-1: Ground out 6-3 (Groundball, 6)
|
Top of the 7th over - 5 run(s), 3 hit(s), 0 error(s), 2 left on base; Bismark 9 - Riverside 5 |
BOTTOM OF THE 7TH |
Riverside Red Bulls batting - Pitching for Bismark Border Guards : RHP Andrew Kirk
|
Now at 2B: José Cintrón
|
|
Batting: RHB Júlio García
|
0-0: Swinging Strike 0-1: Ground out 6-3 (Groundball, 6)
|
Batting: LHB Jorge Meléndez
|
0-0: Ball 1-0: SINGLE (Line Drive, 9LS)
|
Batting: SHB Sloan James
|
0-0: Ball 1-0: Called Strike 1-1: Swinging Strike 1-2: Strikes out swinging
|
Batting: RHB Chris Osborn
|
0-0: Ball 1-0: Called Strike 1-1: Ball 2-1: Foul Ball, location: 2F 2-2: Strikes out looking
|
Bottom of the 7th over - 0 run(s), 1 hit(s), 0 error(s), 1 left on base; Bismark 9 - Riverside 5 |
TOP OF THE 8TH |
Bismark Border Guards batting - Pitching for Riverside Red Bulls : RHP Roberto Costello
|
Batting: LHB Nelson Peña
|
0-0: Foul Ball, location: 2F 0-1: Called Strike 0-2: Strikes out swinging
|
Batting: RHB José Cintrón
|
0-0: Ball 1-0: Swinging Strike 1-1: Foul Ball, location: 2F 1-2: Strikes out looking
|
Batting: RHB Carlos MacKinney
|
0-0: Called Strike 0-1: Ball 1-1: Called Strike 1-2: Ball 2-2: Ball 3-2: Foul Ball, location: 2F 3-2: Base on Balls
|
Batting: LHB Norberto Muñóz
|
0-0: Ball 1-0: Ball 2-0: Ball 3-0: Called Strike 3-1: Base on Balls Carlos MacKinney to second
|
Batting: RHB Mike Wright
|
0-0: Ball 1-0: 3-RUN HOME RUN (Line Drive, 7D), Distance : 404 ft
|
Batting: RHB Ramiro Ross
|
0-0: Ball 1-0: Fly out, F5 (Popup, 7LSF)
|
Top of the 8th over - 3 run(s), 1 hit(s), 0 error(s), 0 left on base; Bismark 12 - Riverside 5 |
BOTTOM OF THE 8TH |
Riverside Red Bulls batting - Pitching for Bismark Border Guards : RHP Andrew Kirk
|
Pitching: LHP Jim Evens
|
|
Batting: RHB Kyle Bacon
|
0-0: Foul Ball, location: 2F 0-1: Called Strike 0-2: Ground out 6-3 (Groundball, 6)
|
Batting: RHB José Zúñiga
|
0-0: Ball 1-0: Ball 2-0: Called Strike 2-1: Ball 3-1: Base on Balls
|
Batting: RHB Soshu Nakamura
|
0-0: Ball 1-0: Ball 2-0: Ball 3-0: Base on Balls José Zúñiga to second
|
Batting: SHB Chun-yeong Kim
|
0-0: Ball 1-0: Called Strike 1-1: Ball 2-1: Grounds into double play, 6-4-3 (Groundball, 6)
|
Bottom of the 8th over - 0 run(s), 0 hit(s), 0 error(s), 1 left on base; Bismark 12 - Riverside 5 |
TOP OF THE 9TH |
Bismark Border Guards batting - Pitching for Riverside Red Bulls : RHP Roberto Costello
|
Pinch Hitting: LHB Colin Ives
|
0-0: Called Strike 0-1: Swinging Strike 0-2: Ball 1-2: Ball 2-2: Ball 3-2: Strikes out swinging
|
Batting: LHB John Summers
|
0-0: Called Strike 0-1: SOLO HOME RUN (Flyball, 9LD), Distance : 390 ft
|
Pitching: RHP Carlos Martínez
|
|
Batting: RHB Enrico Rodríguez
|
0-0: Called Strike 0-1: Ball 1-1: Foul Ball, location: 2F 1-2: Strikes out swinging
|
Batting: LHB Nelson Peña
|
0-0: Ball 1-0: Ball 2-0: Ball 3-0: Hit by Pitch
|
Batting: RHB José Cintrón
|
0-0: Ball 1-0: Called Strike 1-1: Ball 2-1: Ball 3-1: Called Strike 3-2: Ground out 6-3 (Groundball, 6)
|
Top of the 9th over - 1 run(s), 1 hit(s), 0 error(s), 1 left on base; Bismark 13 - Riverside 5 |
BOTTOM OF THE 9TH |
Riverside Red Bulls batting - Pitching for Bismark Border Guards : LHP Jim Evens
|
Now at SS: Zi-xing King
|
|
Batting: RHB Joe Scott
|
0-0: Ball 1-0: Ground out 1-3 (Groundball, 23)
|
Batting: RHB Júlio García
|
0-0: Ground out 5-3 (Groundball, 5)
|
Batting: LHB Jorge Meléndez
|
0-0: Called Strike 0-1: Called Strike 0-2: Ball 1-2: Foul Ball, location: 2F 1-2: Ball 2-2: Fly out, F7 (Flyball, 7M)
|
Bottom of the 9th over - 0 run(s), 0 hit(s), 0 error(s), 0 left on base; Bismark 13 - Riverside 5 |
|